 Dungeon Crawl Stone Soup version 0.17-a0-1230-g8afc29e (webtiles) character file.

3071 Chiseanne the Reanimator (level 9, -4/65 HPs)
             Began as a Mummy Necromancer on June 4, 2015.
             Slain by an orc
             ... wielding a +0 hand axe
              (9 damage)
             ... on level 8 of the Dungeon.
             The game lasted 00:33:33 (9017 turns).

Chiseanne the Reanimator (Mummy Necromancer)        Turns: 9017, Time: 00:33:33

Health: -4/65      AC:  9    Str: 13    XL:     9   Next: 58%
Magic:  17/21      EV:  7    Int: 15    God:
Gold:   22         SH:  4    Dex: 13    Spells: 7 memorised, 7 levels left

rFire  . . .     SeeInvis .     a - +1 dagger (elec)
rCold  + . .     Clarity  .     n - +2 leather armour {rF+}
rNeg   + + +     SustAt   .     y - +0 buckler of the Armoured One {+Fly rPois}
rPois  ∞         Gourm    .     (no helmet)
rElec  .         Spirit   .     c - +0 cloak
rCorr  .         Warding  .     z - +2 pair of gloves
rMut   .         Stasis   .     (no boots)
MR     +....                    (no amulet)
Stlth  +++.......               p - ring of stealth
                                d - +6 ring of slaying

@: somewhat resistant to hostile enchantments, fairly stealthy
A: no food or potions, fire vulnerability, cold resistance 1, negative energy
resistance 3, torment resistance, unbreathing
a: Evoke Flight


You were on level 8 of the Dungeon.
You were not hungry.

You visited 1 branch of the dungeon, and saw 8 of its levels.
You also visited: Sewer.

You collected 302 gold pieces.
You spent 280 gold pieces at shops.

Inventory:

Hand weapons
 a - a +1 dagger of electrocution (weapon)
 e - a +3 hunting sling
 s - a +3 short sword of venom
 w - a +0 blowgun
Missiles
 f - 6 needles of sleeping
 g - 8 silver bolts
 j - 104 arrows
 k - 4 tomahawks (quivered)
 o - 19 sling bullets
 t - 33 poisoned needles
 x - 2 throwing nets
 B - 15 sling bullets of flame
Armour
 c - a +0 cloak (worn)
 n - a +2 leather armour of fire resistance (worn)
 y - the +0 buckler of the Armoured One (worn) {+Fly rPois}
   (You bought it in a shop on level 8 of the Dungeon)

   It protects you from poison.
   It lets you fly.
 z - a +2 pair of gloves (worn)
 D - a +0 helmet
Jewellery
 d - a +6 ring of slaying (left hand)
 h - an uncursed ring of teleportation
 i - an uncursed ring of flight
 l - an uncursed ring of sustain attributes
 p - a ring of stealth (right hand)
Scrolls
 m - 2 scrolls of identify
 q - a scroll of recharging
 r - 2 scrolls of remove curse
 u - 2 scrolls of magic mapping
 v - a scroll of fog
Books
 b - a book of Necromancy

   Spells                             Type                      Level
   a - Pain                           Necromancy                   1
   b - Animate Skeleton               Necromancy                   1
   c - Vampiric Draining              Necromancy                   3
   d - Regeneration                   Charms/Necromancy            3
   e - Animate Dead                   Necromancy                   4
   f - Control Undead                 Necromancy                   4
 A - a book of Air

   Spells                             Type                      Level
   a - Shock                          Conjuration/Air              1
   b - Swiftness                      Charms/Air                   2
   c - Repel Missiles                 Charms/Air                   2
   d - Static Discharge               Conjuration/Air              3
   e - Lightning Bolt                 Conjuration/Air              5
 C - a book of Power

   Spells                             Type                      Level
   a - Fulminant Prism                Conjuration/Hexes            4
   b - Iskenderun's Mystic Blast      Conjuration                  4
   c - Venom Bolt                     Conjuration/Poison           5
   d - Bolt of Magma                  Conjuration/Fire/Earth       5
   e - Iron Shot                      Conjuration/Earth            6
   f - Orb of Destruction             Conjuration                  7
   g - Spellforged Servitor           Conjuration/Summoning        7


   Skills:
 * Level 4.0 Fighting
 * Level 3.7 Dodging
 - Level 1.5 Stealth
 * Level 1.9 Shields
 - Level 8.3 Spellcasting
 - Level 8.8 Necromancy


You had 7 spell levels left.
You knew the following spells:

 Your Spells              Type           Power        Failure   Level  Hunger
a - Pain                  Necr           ####         1%          1    N/A
b - Animate Skeleton      Necr           N/A          1%          1    N/A
c - Vampiric Draining     Necr           ####......   1%          3    N/A
d - Animate Dead          Necr           N/A          8%          4    N/A
e - Control Undead        Necr           ####......   8%          4    N/A
f - Repel Missiles        Chrm/Air       #.....       30%         2    N/A
g - Swiftness             Chrm/Air       #.......     30%         2    N/A

Dungeon Overview and Level Annotations

Branches:
Dungeon (8/15)             Temple (0/1) D:6
   Lair: D:8-11

Altars:
Cheibriados
Dithmenos
Kikubaaqudgha
Makhleb
Ru
Sif Muna
Trog
Vehumet
Zin
The Shining One

Shops:
D:8 [

Annotations:
D:2 1 exclusion
D:8 MUTANTIKUS's ghost, experienced MiBe


Innate Abilities, Weirdness & Mutations

You do not eat or drink.
Your flesh is vulnerable to fire.
You are immune to poison.
Your flesh is cold resistant.
You are immune to negative energy.
You are immune to unholy pain and torment.
You can survive without breathing.


Message History

You see here 2 chunks of flesh.
Your orc zombie hits MUTANTIKUS's ghost but does no damage.
The orc hits you with a hand axe.
* * * LOW HITPOINT WARNING * * *
The orc hits your giant cockroach zombie but does no damage.
Your giant cockroach zombie closely misses the orc.
MUTANTIKUS's ghost misses you.
Read which item? (? for menu, Esc to quit)
Okay, then.
Your orc zombie hits MUTANTIKUS's ghost but does no damage.
The orc misses you.
The orc completely misses your giant cockroach zombie.
Your giant cockroach zombie bites the orc.
Your adder skeleton bites MUTANTIKUS's ghost but does no damage.
Your adder skeleton closely misses MUTANTIKUS's ghost.
Your giant cockroach zombie barely misses the orc.
There is a stone staircase leading up here.
MUTANTIKUS's ghost hits you but does no damage.
The orc hits you with a hand axe!
You die...

#.........### ....# .
#......!..# ....#
..#......!..# ....#
.........%..#+##....#
##..................####
#..............###.....
#......)...............
##...........ZZo........
............#.ZW@#....
............#.#.)# .
............#.#..#
..........#.#'#..#
.......##.#......#
..#####<#.#.....## (.
#.ZW.#.....# #....#
....# #....#


You could see MUTANTIKUS's ghost, an orc, a friendly giant cockroach zombie, a
friendly orc zombie and a friendly adder skeleton.

Vanquished Creatures
  Joseph (D:7)
  A hippogriff (D:7)
  2 orc warriors (D:7)
  A water moccasin (D:8)
  2 sky beasts
  2 ice beasts
  2 ogres
  A phantom (D:6)
  2 centaurs
  3 big kobolds
  A giant frog (D:7)
  3 scorpions
  2 crimson imps
  2 jellies (D:5)
  7 orc wizards
  2 orc priests
  6 hounds
  A centaur skeleton (D:4)
  2 iguanas
  4 worker ants
  A river rat (D:6)
  A worker ant zombie (D:5)
  13 adders
  A gnoll (D:1)
  2 shadow imps
  An adder zombie (D:5)
  An adder skeleton (D:5)
  4 worms
  3 giant geckos (D:4)
  17 orcs
  2 bat skeletons
  A bat zombie (D:7)
  10 hobgoblins
  4 quokkas
  6 ball pythons
  14 bats
  6 giant cockroaches
  2 giant newts
  13 goblins
  19 jackals
  35 kobolds
  11 rats
214 creatures vanquished.

Vanquished Creatures (collateral kills)
  An ice beast (D:7)
  A crimson imp (D:4)
  A giant frog zombie (D:5)
  An adder (D:2)
  An orc (D:4)
  2 bats (Sewer)
  A giant cockroach (D:2)
  A jackal (D:8)
  A ball python (Sewer)
  2 kobolds (Sewer)
  4 rats
16 creatures vanquished.

Grand Total: 230 creatures vanquished

Notes
Turn   | Place    | Note
--------------------------------------------------------------
     0 | D:1      | Chiseanne the Mummy Necromancer began the quest for the Orb.
     0 | D:1      | Reached XP level 1. HP: 13/13 MP: 3/3
    12 | D:1      | Learned a level 1 spell: Animate Skeleton
   227 | D:1      | Reached XP level 2. HP: 19/19 MP: 1/5
  1212 | D:1      | Reached XP level 3. HP: 24/24 MP: 1/6
  1790 | D:2      | Learned a level 3 spell: Vampiric Draining
  1993 | D:2      | Reached skill level 5 in Necromancy
  2106 | D:2      | Reached XP level 4. HP: 30/30 MP: 5/8
  2689 | D:2      | Learned a level 4 spell: Animate Dead
  3046 | D:3      | Reached XP level 5. HP: 32/35 MP: 4/10
  3732 | D:4      | Found a radiant altar of Vehumet.
  4154 | D:4      | Found a glowing silver altar of Zin.
  4155 | D:4      | Found a deep blue altar of Sif Muna.
  4158 | D:4      | Found an ancient bone altar of Kikubaaqudgha.
  4182 | D:4      | Reached XP level 6. HP: 40/42 MP: 10/12
  4567 | D:4      | Reached skill level 1 in Fighting
  4567 | D:4      | Reached skill level 6 in Necromancy
  4972 | D:4      | Learned a level 4 spell: Control Undead
  4972 | D:4      | Upgraded the game from 0.17-a0-1210-g1e4f09d to 0.17-a0-1230-g8afc29e
  4998 | D:5      | Entered Level 5 of the Dungeon
  5161 | D:5      | Reached XP level 7. HP: 48/48 MP: 8/14
  5250 | D:5      | Reached skill level 5 in Spellcasting
  5589 | D:5      | Found a sacrificial altar of Ru.
  5589 | D:5      | Found a shadowy altar of Dithmenos.
  6050 | D:6      | Found a glowing golden altar of the Shining One.
  6057 | D:6      | Found a snail-covered altar of Cheibriados.
  6160 | D:6      | Reached skill level 7 in Necromancy
  6330 | D:6      | Found a glowing drain.
  6351 | Sewer    | Entered a sewer
  6470 | Sewer    | Reached XP level 8. HP: 52/54 MP: 17/17
  6632 | D:6      | Found a staircase to the Ecumenical Temple.
  6730 | D:6      | Found a burning altar of Makhleb.
  6914 | D:6      | Reached skill level 8 in Necromancy
  7107 | D:7      | Found a bloodstained altar of Trog.
  7494 | D:7      | Reached XP level 9. HP: 9/59 MP: 4/21
  7999 | D:7      | Learned a level 2 spell: Repel Missiles
  8003 | D:7      | Learned a level 2 spell: Swiftness
  8045 | D:7      | Noticed Joseph
  8078 | D:8      | Found Engyklej's Antique Armour Boutique.
  8087 | D:8      | Bought a spiked buckler for 190 gold pieces
  8087 | D:8      | Bought a pair of runed gloves for 90 gold pieces
  8093 | D:8      | Noticed MUTANTIKUS's ghost (experienced MiBe)
  8325 | D:7      | Identified the +0 buckler of the Armoured One {+Fly rPois} (You bought it in a shop on level 8 of the Dungeon)
  8497 | D:7      | Killed Joseph
  8497 | D:7      | Reached skill level 1 in Shields
  8806 | D:7      | Your ally Joseph died
  9017 | D:8      | Slain by an orc

Vault maps used:
D:1:      dpeg_arrival_brainrot
D:2:      first_bread, minmay_misc_feat_ornament, uniq_crazy_yiuf_cottage
D:4:      nicolae_overflow_hidden_temple, vehumet_altar_wand_db
D:5:      gammafunk_temple_overflow_pools
D:6:      nicolae_overflow_crystal_walls, kennysheep_mini_moat,
          minmay_temple_entry_crystal_x, portal_sewer_entry_b,
          grunt_ministairs_11, hex_tiny, makhleb_heckhound_becter
D:7:      bloody_trog, grunt_decor_arrowhead, grunt_ogre_cave,
          hangedman_abyss_or_decor_stagger, uniq_joseph
D:8:      serial_shops, shop, shop
Sewer:    kennysheep_pipe_town

Action                   |  1- 3 |  4- 6 |  7- 9 || total
-------------------------+-------+-------+-------++-------
Melee: Short sword       |    28 |   119 |   195 ||   342
       Dagger            |       |       |    31 ||    31
 Fire: Hunting sling     |       |       |    24 ||    24
       Blowgun           |       |       |    17 ||    17
 Cast: Pain              |    60 |    73 |    13 ||   146
       Animate Skeleton  |    16 |    31 |    47 ||    94
       Vampiric Draining |       |       |    30 ||    30
       Animate Dead      |       |       |     5 ||     5
       Repel Missiles    |       |       |     1 ||     1
  Use: Scroll            |     6 |    11 |     2 ||    19
 Stab: Sleeping          |     4 |     4 |     9 ||    17
       Distracted        |       |       |     2 ||     2
